 Dungeon Crawl Stone Soup version 0.30-a0-457-g4b7bca3bfa (webtiles) character file.

Game seed: 3676301229020734328

372 CrazyBamboolord the Gusty (level 6, -13/32 HPs)
             Began as a Tengu Air Elementalist on Dec 13, 2022.
             Mangled by an ogre
             ... wielding a +0 giant club
              (34 damage)
             ... on level 4 of the Dungeon.
             The game lasted 00:09:48 (4894 turns).

CrazyBamboolord the Gusty (Tengu Air Elementalist)  Turns: 4894, Time: 00:09:50

Health: -13/32     AC:  4    Str:  8    XL:     6   Next: 71%
Magic:  7/12       EV: 15    Int: 17    God:
Gold:   127        SH:  0    Dex: 15    Spells: 2/12 levels left

rFire   . . .      SeeInvis .    (no weapon)
rCold   . . .      Faith    .    (no shield)
rNeg    . . .      Spirit   .    a - +0 robe
rPois   .          Reflect  .    (helmet restricted)
rElec   .          Harm     .    k - scarf {+Inv}
rCorr   .          Rampage  .    e - +1 pair of gloves
Will    .....                    (boots unavailable)
Stlth   ++........               (no amulet)
HPRegen 0.25/turn                (no ring)
MPRegen 0.13/turn                (no ring)

@: sluggish, flying quickly and evasively, very slow
A: beak, talons 3, nimble flight
a: Evoke Invisibility


You were on level 4 of the Dungeon.
You visited 1 branch of the dungeon, and saw 5 of its levels.

You collected 235 gold pieces.
You spent 108 gold pieces at shops.

Inventory:

Missiles
 m - 4 silver javelins
Armour
 a - a +0 robe (worn)
 e - a +1 pair of gloves (worn)
 k - a scarf of invisibility (worn)
Jewellery
 h - a ring of ice
Scrolls
 d - a scroll of noise
 g - 3 scrolls of teleportation
 i - a scroll of fear
 j - a scroll of fog {unknown}
 n - a scroll of vulnerability {unknown}
 o - a scroll of identify
Potions
 b - a potion of heal wounds {unknown}
 c - 3 potions of cancellation
 l - a potion of flight


   Skills:
 * Level 3.0 Dodging
 * Level 2.9 Stealth
 * Level 3.8 Spellcasting
 * Level 4.3 Conjurations
 * Level 6.0 Air Magic


You had 2 spell levels left.
You knew the following spells:

 Your Spells              Type           Power      Damage    Failure   Level
a - Shock                 Conj/Air       80%        1d8       1%          1
b - Static Discharge      Conj/Air       40%        2-4/arc   3%          2
c - Swiftness             Air            23%        N/A       4%          3
d - Airstrike             Air            11%        2d(2-18)  13%         4

Your spell library contained the following spells:

 Spells                   Type           Power      Damage    Failure   Level
 Cigotuvi's Dreadful Rot  Necr/Pois/Air  20%        N/A       11%         2
 Beastly Appendage        Tmut           6%         N/A       16%         1
 Wereblood                Tmut           3%         N/A       24%         2
 Gell's Gravitas          Tloc           3%         N/A       43%         3
 Lesser Beckoning         Tloc           6%         N/A       43%         3
 Spider Form              Tmut/Pois      3%         N/A       43%         3
 Teleport Other           Tloc           3%         N/A       43%         3
 Dispel Undead            Necr           3%         3d7       85%         4
 Alistair's Intoxication  Tmut/Pois      2%         N/A       99%         5
 Borgnjor's Vile Clutch   Necr/Erth      1%         N/A       99%         5
 Death Channel            Necr           1%         N/A       100%        6
 Eringya's Noxious Bog    Tmut/Pois      1%         N/A       100%        6


Dungeon Overview and Level Annotations

Branches:
Dungeon (5/15)
 Temple: D:4-7

Altars:
Dithmenos
Gozag
Sif Muna

Shops:
D:3 !

Annotations:
D:5 3 runed translucent doors, crabbyslav's ghost, amateur DrRe


Innate Abilities, Weirdness & Mutations

You have a beak for a mouth.
You have claws for feet.
Your magical nature lets you fly swiftly and evasively.


Message History

Casting: Shock (safe; 1% risk of failure)
Confirm with . or Enter, or press ? or * to list all spells.
You feel quick.
Aiming: Shock (safe; 1% risk of failure)
Press: ? - help, Q - select action, (/) - cycle Shift-Dir - straight line, f - ogre
Aim: an ogre, wielding a +0 giant club (86% to hit)
The zap hits the ogre.
The ogre is lightly wounded.
You start to feel a little slower.
Aiming: Shock (safe; 1% risk of failure)
Press: ? - help, Q - select action, (/) - cycle Shift-Dir - straight line, f/p - ogre
Aim: an ogre, wielding a +0 giant club (lightly wounded, 86% to hit)
The zap hits the ogre.
The ogre is lightly wounded.
Unknown command.
Aiming: Shock (safe; 1% risk of failure)
Press: ? - help, Q - select action, (/) - cycle Shift-Dir - straight line, f/p - ogre
Aim: an ogre, wielding a +0 giant club (lightly wounded, 86% to hit)
The zap hits the ogre!
The ogre is heavily wounded.
Unknown command.
Aiming: Shock (safe; 1% risk of failure)
Press: ? - help, Q - select action, (/) - cycle Shift-Dir - straight line, f/p - ogre
Aim: an ogre, wielding a +0 giant club (heavily wounded, 86% to hit)
The zap hits the ogre.
The ogre is heavily wounded.
Unknown command.
You feel sluggish.
You feel better.
The ogre hits you with a +0 giant club!!
Ouch! That really hurt!
* * * LOW HITPOINT WARNING * * *
You feel better.
You feel better. The ogre closely misses you.
Aiming: Shock (safe; 1% risk of failure)
Press: ? - help, Q - select action, (/) - cycle Shift-Dir - straight line, p - ogre The zap misses the ogre.
The ogre hits you with a +0 giant club!!
Ouch! That really hurt!
You die...

###..#'##.####.#######.#.###.###.
.....'_'......#.######....##.###.
###..#'##....###.#......#........
#....##.###.#.##.###....##.##..
#..####.# ##.###.###.#.###.....
###.......# #...........# #.....
....#####(# #.#######...####....
##### #.# #.#######...........
#.# #..@O.....#.######.. #.#
###########......... #.#
########## #.# # #.# # #.# # #.#
### # #.# ###≈### # #.# ##≈≈≈≈≈##
##


You could see an ogre.

Vanquished Creatures
  A necrophage (D:2)
  2 hounds (D:4)
  2 iguanas (D:4)
  2 orc wizards (D:4)
  4 adders
  4 worms
  A dart slug (D:1)
  4 orcs (D:4)
  6 endoplasms
  3 giant cockroaches
  7 goblins
  9 hobgoblins
  10 jackals
  9 kobolds
  2 quokkas
  7 ball pythons
  7 bats
  4 frilled lizards
  10 rats
94 creatures vanquished.

Notes
Turn   | Place    | Note
-------+----------+-------------------------------------------
     0 | D:1      | CrazyBamboolord the Tengu Air Elementalist began the quest
                  | for the Orb.
     0 | D:1      | Reached XP level 1. HP: 10/10 MP: 4/4
   214 | D:1      | Reached XP level 2. HP: 15/15 MP: 4/6
   856 | D:1      | Reached XP level 3. HP: 19/19 MP: 3/7
  1599 | D:2      | Learned a level 2 spell: Static Discharge
  1909 | D:2      | Reached XP level 4. HP: 24/24 MP: 5/9
  2107 | D:2      | Reached skill level 5 in Air Magic
  2116 | D:2      | Found a faded altar of an unknown god.
  2351 | D:2      | Noticed a necrophage
  2371 | D:2      | Killed a necrophage
  2372 | D:2      | Gained mutation: Your magical nature lets you fly swiftly
                  | and evasively. [Tengu growth]
  2372 | D:2      | Reached XP level 5. HP: 21/28 MP: 2/10
  2513 | D:2      | Learned a level 3 spell: Swiftness
  2683 | D:3      | Found Beiz's Distillery.
  2717 | D:3      | Bought a potion of curing for 36 gold pieces
  2717 | D:3      | Bought a potion of curing for 36 gold pieces
  2717 | D:3      | Bought a potion of curing for 36 gold pieces
  2752 | D:3      | Found an opulent altar of Gozag.
  3718 | D:4      | Found a shadowy altar of Dithmenos.
  3964 | D:4      | Reached XP level 6. HP: 32/32 MP: 0/12
  3969 | D:4      | Found a shimmering blue altar of Sif Muna.
  4215 | D:4      | You are sucked into a shaft and drop 1 floor!
  4215 | D:5      | Entered Level 5 of the Dungeon
  4224 | D:5      | Found a runed translucent gate.
  4230 | D:5      | Learned a level 4 spell: Airstrike
  4230 | D:5      | Found a runed translucent gate.
  4230 | D:5      | Found a runed translucent gate.
  4233 | D:5      | Noticed crabbyslav's ghost (amateur DrRe)
  4592 | D:4      | Reached skill level 6 in Air Magic
  4853 | D:5      | HP: 1/32 [ogre/+0 giant club (15)]
  4891 | D:4      | HP: 1/32 [ogre/+0 giant club (18)]
  4894 | D:4      | Mangled by an ogre

Illustrated notes

Levels and vault maps discovered:
D:1:      lightli_arrival_chessboard, layout_loops_corners,
          supply_closet_lemuel, due_unseen_surprise
D:2:      layout_rooms, basic_ecumenical_altar, skrybe_limestone_x,
          minmay_cupped
D:3:      layout_loops_corners, mainiacjoe_overflow_concentric_impassable,
          serial_shops, shop, nicolae_elevator_lobby_asterisk
D:4:      layout_loops_ring, kennysheep_orc_sif_temple, kennysheep_mini,
          solitary_fountain
D:5:      layout_basic, gammafunk_ghost_split, minivault_26

Skill      XL: |  1  2  3  4  5  6 |
---------------+-------------------+-----
Conjurations   | 2 3 4 |  4.3
Air Magic      | 5 6 |  6.0
Spellcasting   | 3 |  3.8
Dodging        | 3 |  3.0
Stealth        | |  2.9

Action                   |  1- 3 |  4- 6 || total
-------------------------+-------+-------++-------
Melee: Unarmed           |    13 |    23 ||    36
       Kick              |     2 |     5 ||     7
       Peck              |       |     4 ||     4
       Punch             |       |     2 ||     2
 Cast: Shock             |    88 |   148 ||   236
       Swiftness         |       |     1 ||     1
  Use: Scroll            |     3 |     3 ||     6
       Potion            |       |     6 ||     6
Armor: Robe              |     5 |    14 ||    19
Dodge: Dodged            |    14 |    38 ||    52

Table legend: (Time is in decaauts)
 A = Elapsed time spent in this place.
 B = Non-inter-level travel time spent in this place.
 C = Inter-level travel time spent in this place.
 D = Time resting spent in this place.
 E = Time spent auto-exploring this place.
 F = Levels seen in this place.
 G = Mean time per level.
                   A        B        C        D        E       F      G
               +--------+--------+--------+--------+--------+-----+--------+
         Total |   4738 |   4627 |    111 |     96 |   3965 |   5 |  947.6 |
       Dungeon |   4738 |   4627 |    111 |     96 |   3965 |   5 |  947.6 |
               +--------+--------+--------+--------+--------+-----+--------+

Top non-repeatable levels by time:
     D:1: 1561 daAuts
     D:4: 1228 daAuts
     D:2: 1061 daAuts
     D:3: 859 daAuts
     D:5: 28 daAuts
